 Dungeon Crawl Stone Soup version 0.28-a0-511-gcc94558de3 (webtiles) character file.

Game seed: 6119278398126250095

41 meatgazer the Skirmisher (level 3, -3/30 HPs)
             Began as a Demonspawn Abyssal Knight on Sept 21, 2021.
             Was a Follower of Lugonu.
             Slain by a gnoll (9 damage)
             ... on level 2 of the Dungeon.
             The game lasted 00:02:25 (2301 turns).

meatgazer the Skirmisher (DsAK)                     Turns: 2301, Time: 00:02:26

Health: -3/30      AC:  3    Str: 14    XL:     3   Next: 32%
Magic:  4/4        EV: 11    Int: 11    God:    Lugonu [*.....]
Gold:   47         SH:  0    Dex: 13    Spells: 2/2 levels left

rFire   . . .      SeeInvis .   a - +1 mace
rCold   . . .      Faith    .   (no shield)
rNeg    . . .      Spirit   .   b - +0 leather armour
rPois   .          Reflect  .   (no helmet)
rElec   .          Harm     .   (no cloak)
rCorr   .          Rampage  .   (no gloves)
Will    .....                   (no boots)
Stlth   +.........              (no amulet)
HPRegen 0.10/turn               (no ring)
MPRegen 0.09/turn               (no ring)

@: no status effects
A: foul stench 1
a: Renounce Religion, Depart the Abyss


You were on level 2 of the Dungeon.
You worshipped Lugonu.
Lugonu was aware of your devotion.
You visited 1 branch of the dungeon, and saw 2 of its levels.
You visited the Abyss 1 time.

You collected 47 gold pieces.

Inventory:

Hand Weapons
 a - a +1 mace (weapon)
Armour
 b - a +0 leather armour (worn)
Scrolls
 e - a scroll of summoning
Potions
 c - a potion of degeneration {unknown}
 d - a potion of mutation {unknown}
 f - a potion of heal wounds {unknown}
 g - a potion of flight {unknown}


   Skills:
 + Level 3.7 Fighting
 + Level 2.1 Maces & Flails
 - Level 2.1 Armour
 + Level 1.1 Dodging
 - Level 0.3 Stealth
 + Level 2.6 Invocations


You had 2 spell levels left.
You didn't know any spells.
Your spell library contained the following spells:

 Spells                   Type           Power      Damage    Failure   Level
 Blink                    Tloc           N/A        N/A       54%         2
 Manifold Assault         Tloc           0%         N/A       100%        5
 Dispersal                Tloc           0%         N/A       100%        6
 Storm Form               Tmut/Air       0%         N/A       100%        7
 Disjunction              Tloc           0%         N/A       100%        8


Dungeon Overview and Level Annotations

Branches:
Dungeon (2/15)

Altars:


Innate Abilities, Weirdness & Mutations

You may rarely emit foul miasma when damaged in melee.


Message History

HP restored.
A gnoll comes into view. It is wielding a +0 club.
The gnoll shouts!
You hear a shout!
A gnoll is nearby!
A gnoll comes into view.
It is wielding a +1 halberd of protection.
A gnoll comes into view. It is wielding a +2 flail of draining.
The gnoll shouts!
The gnoll hits you with a +0 club.
You emit a cloud of foul miasma!
You hit the gnoll.
The gnoll is heavily wounded.
The gnoll is engulfed in dark miasma.
The gnoll is poisoned.
The gnoll hits you with a +0 club.
The gnoll is engulfed in dark miasma.
The gnoll looks even sicker.
The gnoll closely misses you.
You sock the gnoll!
You kill the gnoll!
Lugonu accepts your kill. The gnoll barely misses you.
The gnoll hits you from afar with a +1 halberd of protection!
You are too injured to fight recklessly!
You are too injured to fight recklessly!
You are too injured to fight recklessly!
You are too injured to fight recklessly!
You are too injured to fight recklessly!
You are too injured to fight recklessly!
You are too injured to fight recklessly!
You are too injured to fight recklessly!
You see here a +0 club.
The gnoll barely misses you. x2
You hit the gnoll but do no damage.
The gnoll hits you with a +1 halberd of protection!
* * * LOW HITPOINT WARNING * * *
The gnoll barely misses you.
You hit the gnoll.
The gnoll is heavily wounded.
The gnoll closely misses you. The gnoll completely misses you.
You thump the gnoll!
You kill the gnoll!
Lugonu accepts your kill.
The gnoll hits you with a +1 halberd of protection!
You die...

#..........# #..........#
#..........###
##########............
....................#
.<..................#
#...............)...#
...........#####@#########
................°g.......#
###....#########..........
#.##.# ###........
#..#.###########........
#.......................
#.#...)##.......)...###.
#.#.##....##.###....#
....................#


You could see a gnoll.

Vanquished Creatures
  2 gnolls (D:2)
  An endoplasm (D:1)
  4 giant cockroaches (D:1)
  4 goblins
  4 hobgoblins (D:1)
  A quokka (D:1)
  4 ball pythons (D:1)
  2 bats (D:1)
  2 frilled lizards (D:1)
  2 kobolds
  3 rats (D:1)
29 creatures vanquished.

Notes
Turn   | Place    | Note
-------+----------+-------------------------------------------
     0 | Abyss:1  | meatgazer the Demonspawn Abyssal Knight began the quest for
                  | the Orb.
     0 | Abyss:1  | Reached XP level 1. HP: 18/18 MP: 2/2
    60 | Abyss:1  | Noticed an ancient zyme
    78 | Abyss:1  | Noticed a starcursed mass
    81 | Abyss:1  | Noticed an ancient zyme
   108 | D:1      | Escaped the Abyss
  1386 | D:1      | Gained mutation: You may rarely emit foul miasma when
                  | damaged in melee. [demonic ancestry]
  1386 | D:1      | Reached XP level 2. HP: 24/24 MP: 3/3
  1841 | D:1      | Reached * piety under Lugonu
  2104 | D:1      | Reached XP level 3. HP: 20/30 MP: 4/4
  2263 | D:2      | Reached skill level 1 in Dodging
  2301 | D:2      | Slain by a gnoll

Illustrated notes

Levels and vault maps discovered:
D:1:      minmay_arrival_three_doors, layout_loops_ring, minmay_tetromino_t2
D:2:      layout_rooms, hellmonk_ecumenical_altar_zigzags

Skill      XL: |  1  2  3 |
---------------+----------+-----
Armour         | 2 |  2.1
Maces & Flails | 2 |  2.1
Dodging        | 1 |  1.1
Fighting       | |  3.7
Stealth        | |  0.3
Invocations    | |  2.6

Action                   || total
-------------------------++-------
Melee: Mace              ||    93
Invok: Depart the Abyss  ||     1
  Use: Scroll            ||     2
       Potion            ||     1
Armor: Leather armour    ||    27
Dodge: Dodged            ||    67

Table legend: (Time is in decaauts)
 A = Elapsed time spent in this place.
 B = Non-inter-level travel time spent in this place.
 C = Inter-level travel time spent in this place.
 D = Time resting spent in this place.
 E = Time spent auto-exploring this place.
 F = Levels seen in this place.
 G = Mean time per level.
                   A        B        C        D        E       F      G
               +--------+--------+--------+--------+--------+-----+--------+
         Total |   2328 |   2313 |     15 |    687 |   1346 |   3 |  776.0 |
       Dungeon |   2220 |   2205 |     15 |    687 |   1289 |   2 | 1110.0 |
         Abyss |    108 |    108 |      0 |      0 |     57 |   1 |  108.0 |
               +--------+--------+--------+--------+--------+-----+--------+

Top non-repeatable levels by time:
     D:1: 2151 daAuts
 Abyss:1: 108 daAuts
     D:2: 69 daAuts
